 Dungeon Crawl Stone Soup version 0.24-b1-44-g37ad8b309f (webtiles) character file.

Game seed: 16424538419402736074, levelgen mode: deterministic

143 Mrkan the Skirmisher (level 5, -2/57 HPs)
             Began as an Ogre Berserker on Oct 24, 2019.
             Was a Believer of Trog.
             Slain by a river rat (8 damage)
             ... on level 3 of the Dungeon.
             The game lasted 00:04:19 (2556 turns).

Mrkan the Skirmisher (Ogre Berserker)               Turns: 2556, Time: 00:04:20

Health: -2/57      AC:  3    Str: 22    XL:     5   Next: 25%
Magic:  5/5        EV: 10    Int:  8    God:    Trog [**....]
Gold:   67         SH:  0    Dex:  8    Spells: 4/4 levels left

rFire    . . .     SeeInvis .   a - +0 spear
rCold    . . .     Gourm    .   (no shield)
rNeg     . . .     Faith    .   b - +0 animal skin
rPois    .         Spirit   .   (helmet restricted)
rElec    .         Reflect  .   (no cloak)
rCorr    .         Harm     .   (gloves unavailable)
MR       .....                  (boots unavailable)
Stlth    +.........             (no amulet)
HPRegen  0.19/turn              (no ring)
MPRegen  0.09/turn              (no ring)

@: no status effects
A: large, unfitting armour, tough skin 1
a: Berserk, Trog's Hand, Renounce Religion


You were on level 3 of the Dungeon.
You worshipped Trog.
Trog was pleased with you.
You were not hungry.

You visited 1 branch of the dungeon, and saw 3 of its levels.

You collected 67 gold pieces.

Inventory:

Hand Weapons
 a - a +0 spear (weapon)
 k - a cursed -2 spear
Missiles
 h - 100 stones (quivered)
Armour
 b - a +0 animal skin (worn)
Jewellery
 n - an uncursed ring of positive energy {unknown}
 q - an uncursed ring of fire {unknown}
 t - an uncursed ring of positive energy {unknown}
Scrolls
 d - 2 scrolls of random uselessness {unknown}
 f - 2 scrolls of amnesia {unknown}
 j - 3 scrolls of identify {unknown}
 m - a scroll of blinking {unknown}
 r - a scroll of immolation {unknown}
 s - 2 scrolls of remove curse {unknown}
Potions
 e - a potion of might {unknown}
 g - a potion of brilliance {unknown}
 i - a potion of lignification {unknown}
 o - a potion of cancellation {unknown}
 p - a potion of curing {unknown}
Comestibles
 c - 4 rations
 l - 3 chunks of flesh


   Skills:
 + Level 5.4 Fighting
 * Level 5.0 Polearms
 - Level 2.6 Dodging


You had 4 spell levels left.
You didn't know any spells.
Your spell library was empty.

Dungeon Overview and Level Annotations

Branches:
Dungeon (3/15)

Altars:
Vehumet
Zin


Innate Abilities, Weirdness & Mutations

You are too large for most types of armour.
You have tough skin. (AC +1)


Message History

You barely miss the river rat. The river rat bites you!
You hit the river rat but do no damage. The river rat barely misses you.
You hit the river rat but do no damage. The river rat closely misses you.
You hit the river rat.
The river rat is lightly wounded.
The river rat bites you!
* * * LOW HITPOINT WARNING * * *
You hit the river rat but do no damage.
The river rat is lightly wounded.
You hit the river rat.
The river rat is heavily wounded.
The river rat misses you.
You barely miss the river rat.
The river rat is heavily wounded.
The river rat bites you.
* * * LOW HITPOINT WARNING * * *
You barely miss the river rat.
The river rat is heavily wounded.
The river rat bites you!
You die...

#####. ...... ##
##...... ≈≈≈
#...^..#
#≈#≈####...(.
.≈≈≈≈≈.....
...≈..†..#####
).....r@.#...
########.#.# #...#
##..# ###+### #..#
#.....#
##.###.....#####
#..##..........
#..##..........
#####...#..........


You could see a river rat.

Vanquished Creatures
  3 gnolls (D:3)
  3 adders
  A river rat (D:3)
  An ooze (D:1)
  2 worms (D:2)
  4 dart slugs
  4 leopard geckos
  5 orcs (D:3)
  6 hobgoblins
  7 kobolds
  6 bats
  3 frilled lizards
  2 goblins (D:1)
  8 rats
55 creatures vanquished.

Notes
Turn   | Place    | Note
-------+----------+-------------------------------------------
     0 | D:1      | Mrkan the Ogre Berserker began the quest for the Orb.
     0 | D:1      | Reached XP level 1. HP: 24/24 MP: 1/1
   457 | D:1      | Reached XP level 2. HP: 29/32 MP: 2/2
  1019 | D:1      | You fall into a shaft and drop 1 floor!
  1027 | D:2      | Reached XP level 3. HP: 37/40 MP: 3/3
  1390 | D:2      | Reached ** piety under Trog
  1635 | D:2      | Reached XP level 4. HP: 49/49 MP: 4/4
  1671 | D:2      | Reached skill level 5 in Fighting
  2061 | D:3      | Found a glowing silver altar of Zin.
  2430 | D:3      | Reached XP level 5. HP: 54/57 MP: 5/5
  2480 | D:3      | Found a radiant altar of Vehumet.
  2534 | D:3      | Reached skill level 5 in Polearms
  2556 | D:3      | Slain by a river rat

Skill      XL: |  1  2  3  4  5 |
---------------+----------------+-----
Polearms       | 4 5 |  5.0
Fighting       | 5 |  5.4
Dodging        | |  2.6

Action                   |  1- 3 |  4- 6 || total
-------------------------+-------+-------++-------
Melee: Spear             |   158 |   124 ||   282
Invok: Berserk           |     1 |     1 ||     2
 Stab: Sleeping          |     1 |     1 ||     2
  Eat: Chunk             |     2 |     5 ||     7
Armor: Animal skin       |    51 |    21 ||    72
Dodge: Dodged            |    78 |    48 ||   126
